[Event "*** Titled Tuesday Blitz"]
[Site "Chess.com"]
[Date "2020.01.07"]
[Round "5"]
[White "Keaton87"]
[Black "BIG_Pirate"]
[Result "1-0"]
[WhiteElo "2619"]
[BlackElo "2414"]
[TimeControl "180+2"]
[EndTime "14:11:56 PST"]
[Termination "Keaton87 won by checkmate"]

1. d4 d5 2. Nf3 c6 3. g3 Bf5 4. Bg2 h6 5. O-O Nf6 6. b3 e6 7. c4 Nbd7 8. Nbd2 Be7 9. Bb2 O-O 10.
Ne5 Bh7 11. Qe1 a5 12. a3 Re8 13. e4 Nxe4 14. Nxe4 Bxe4 15. Bxe4 dxe4 16. Qxe4 Nxe5 17. dxe5 Qb6 18. Qc2 Red8 19. Rad1 Bc5 20. Kg2 Bd4 21. Bxd4 Rxd4 22. Rxd4 Qxd4 23. Re1 Rd8 24. Re4 Qd3 25. Re2 Kf8 26. h4 h5 27. Qb2 g6 28. Re3 Qd1 29.
b4 Rd2 30. Qb3 Qxb3 31. Rxb3 a4 32. Re3 Ke7 33. Kf3 Ke8 34. Rc3 Ra2 35. Ke3 Ke7 36. f4 Kd7 37. Kd4 Kc7 38. b5 Rd2+ 39. Kc5 Rb2 40.
bxc6 b6+ 41. Kd4 Kxc6 42. Rf3 Ra2 43. Re3 Rb2 44. Rc3 Ra2 45. Re3 Rb2 46. Rd3 Ra2 47. Ke4 Rb2 48. Rd8 Rb3 49. Rf8 Rxa3 50. Rxf7 Rxg3 51.
Re7 a3 52. Rxe6+ Kb7 53. Re7+ Ka6 54. Re8 Kb7 55. Re7+ Ka6 56. Rd7 Rc3 57. e6 Rxc4+ 58. Ke5 Rc1 59. Rd2 Re1+ 60. Kf6 b5 61. e7 b4 62.
Rd6+ Ka5 63. Re6 Rxe6+ 64. Kxe6 b3 65. e8=Q Kb4 66. Kd5 b2 67. Kd4 a2 68. Qb8+ Ka3 69. Kc3 b1=Q 70. Qa7# 1-0

[Event "*** Titled Tuesday Blitz"]
[Site "Chess.com"]
[Date "2020.01.07"]
[Round "5"]
[White "TwentyHourADay"]
[Black "Megagigahiper3345"]
[Result "1-0"]
[WhiteElo "2231"]
[BlackElo "2433"]
[TimeControl "180+2"]
[EndTime "14:12:00 PST"]
[Termination "TwentyHourADay won by resignation"]

1. Nf3 d6 2. d4 f5 3. Nc3 Nf6 4. Bg5 d5 5. e3 g6 6. Bxf6 exf6 7. h4 h5 8. Bd3 Be6 9. Ne2 Nc6 10. Nf4 Bf7 11.
Qe2 Nb4 12. a3 Nxd3+ 13. cxd3 Bd6 14. g3 O-O 15. O-O c6 16. b4 Kg7 17. Qb2 g5 18.
Ng2 b5 19. a4 g4 20. Nd2 a5 21. axb5 Bxb4 22. bxc6 Qd6 23. Rfc1 Rfc8 24. Qc2 Ra6 25. c7 Ra7 26. Nb3 Raxc7 27. Qd1 Rxc1 28. Rxc1 Rxc1 29.
Qxc1 a4 30. Nc5 a3 31. Qc2 Qb6 32. Nb3 Qa6 33. Nf4 a2 34. Qc7 a1=Q+ 35. Nxa1 Qxa1+ 36. Kg2 Qa6 37. Nxh5+ Kg8 38. Qd8+ Bf8 39. Nxf6+ Kg7 40. Nd7 Qd6 41. Qg5+ Qg6 42. Ne5 Qxg5 43. hxg5 Be6 44. f4 Bc8 45. Kf2 Ba6 46. Ke2 Bb4 47. Nc6 Bd6 48.
Nd8 Bc8 49. Kd2 Bd7 50. Nb7 Bb4+ 51. Ke2 Bb5 52. Nc5 Kf7 53. Nb3 Ba4 54. Nc5 Be8 55. Nb3 Ke7 56. Nc5 Kd6 57. Nb3 Kc6 58. Nd2 Kb5 59. e4 dxe4 60. dxe4 Bxd2 61. Kxd2 fxe4 62. f5 Kc4 63. Ke3 Kd5 64. g6 Kd6 65. Kxe4 Ke7 66. Ke5 Kf8 67. Kf6 Bd7 68. d5 Bb5 69. d6 Bc6 70. Kg5 Bf3 71. f6 Bd5 72. d7 1-0

[Event "*** Titled Tuesday Blitz"]
[Site "Chess.com"]
[Date "2020.01.07"]
[Round "5"]
[White "WarlordX"]
[Black "enzovsky"]
[Result "0-1"]
[WhiteElo "2459"]
[BlackElo "2260"]
[TimeControl "180+2"]
[EndTime "14:12:14 PST"]
[Termination "enzovsky won on time"]

1. e4 c5 2. Nc3 e6 3. g3 d5 4.
Bg2 dxe4 5. Nxe4 Nc6 6. d3 Be7 7. Nf3 Nf6 8. Nc3 O-O 9. O-O Bd7 10. Re1 Nd4 11. Ne5 Nc6 12. Nxd7 Qxd7 13. Bf4 Nd4 14. a4 Rac8 15. Nb5 a6 16. Na3 Qxa4 17.
Bxb7 Rcd8 18. c3 Qxd1 19. Raxd1 Nb5 20. Nc4 Nd5 21. Bc1 Nbc7 22. Na5 Bf6 23. Nc6 Rd7 24. Ne5 Rd6 25. Nc4 Rd7 26. d4 cxd4 27. cxd4 Rb8 28.
Bc6 Rdd8 29. Ne5 Rb4 30. Rd3 Ne7 31. Bd2 Bxe5 32. Bxb4 Nxc6 33. Bc3 Bxd4 34. Bxd4 Nxd4 35. Kg2 Ncb5 36. Rc1 g6 37. Ra1 Rd6 38. Rad1 e5 39. b4 Rc6 40. f4 f6 41. fxe5 fxe5 42. R3d2 Nc3 43. Re1 Rc4 44. Rxe5 Rxb4 45. Re7 Ncb5 46.
Rf2 Nf5 47. Rb7 Rb3 48. g4 Ne3+ 49. Kg3 Nd1+ 50. Kg2 Nxf2 51. Kxf2 Rb2+ 52. Kg3 Rb4 53. Kh4 h6 54. Kg3 a5 55. h4 Nd4 56. Ra7 a4 57. h5 gxh5 58. gxh5 Ne2+ 59. Kf3 Nd4+ 60. Ke3 Nb5 61. Ra5 a3 62. Kd3 Rb2 63. Ra6 a2 64. Kc4 Kf7 65. Kd3 Ke7 66. Kc4 Kd7 67. Kd5 Kc7 68. Ke5 Kb7 69. Ra4 Nc3 70. Ra3 Rb1 71.
Kf5 a1=Q 72. Rxa1 Rxa1 73. Kg6 Ra6+ 74. Kh7 Ne2 75. Kg7 Ng1 76. Kh7 Nh3 77. Kg7 Nf2 78. Kh7 Ne4 79. Kg7 Ng3 80. Kh7 Nxh5 0-1

[Event "*** Titled Tuesday Blitz"]
[Site "Chess.com"]
[Date "2020.01.07"]
[Round "5"]
[White "GMKrikor"]
[Black "MarcoRiehle"]
[Result "1/2-1/2"]
[WhiteElo "2872"]
[BlackElo "2655"]
[TimeControl "180+2"]
[EndTime "14:12:22 PST"]
[Termination "Game drawn - insufficient material"]

1. Nf3 c5 2. e4 Nc6 3. Bb5 g6 4. O-O Bg7 5. Re1 e5 6. a3 Nge7 7. b4 d6 8. bxc5 dxc5 9. Nc3 O-O 10. Bc4 Bg4 11. h3 Bxf3 12. Qxf3 Nd4 13. Qd1 Kh8 14. d3 f5 15. exf5 Nexf5 16. Ne4 Qh4 17. c3 Nc6 18. Bg5 Qh5 19. Qxh5 gxh5 20. Bd5 h6 21. Be3 Na5 22.
Bxc5 Rfd8 23. Be6 Nh4 24. Rad1 b6 25. Bb4 Nc6 26. Bf7 Nf5 27. Bg6 Nfe7 28. Bxh5 Nd5 29.
Nd6 Rd7 30. Nf5 Ncxb4 31. cxb4 Rc8 32. Bg4 Rc3 33. Nxh6 Rdc7 34. Nf5 Rxa3 35. Nxg7 Kxg7 36. Rxe5 Nxb4 37. d4 a5 38. d5 Rc5 39. Re7+ Kf6 40.
d6 Rd5 41. Ree1 Rad3 42. Rxd3 Nxd3 43. Re6+ Kf7 44. d7 Rxd7 45. Rxb6 Ra7 46. Be2 Ne5 47. f4 Nd7 48. Bc4+ Kg7 49. Ra6 Rxa6 50. Bxa6 a4 51. Bc4 a3 52. Kf2 Nb6 53. Ba2 Na4 54. g4 Nc3 55. Bb3 a2 56. Bxa2 Nxa2 57. Ke3 Nc3 58. h4 Kf6 59. h5 Nd5+ 60. Ke4 Nc3+ 61. Kf3 Nd5 62. Kg3 Ne3 63. h6 Kg6 64. g5 Nf5+ 65. Kg4 Ne3+ 66. Kf3 Nf5 67. Ke4 Ng3+ 68. Ke5 Nh5 69.
f5+ Kh7 70. Ke6 Ng3 71. f6 Ne4 72. Kf5 Nd6+ 73. Ke5 Nf7+ 74. Kf5 Nd6+ 75. Kf4 Kg6 76. Kg4 Nf7 77. h7 Kxh7 78. Kf5 Nh8 79. Ke6 Kg6 80. Ke7 Kxg5 81. f7 Nxf7 1/2-1/2

[Event "*** Titled Tuesday Blitz"]
[Site "Chess.com"]
[Date "2020.01.07"]
[Round "5"]
[White "vugarrasulov"]
[Black "chessking2151"]
[Result "1/2-1/2"]
[WhiteElo "2837"]
[BlackElo "2603"]
[TimeControl "180+2"]
[EndTime "14:12:23 PST"]
[Termination "Game drawn - insufficient material"]

1. d4 Nf6 2. Nf3 e6 3. Bf4 c5 4. e3 d5 5. Nbd2 Nc6 6. c3 Bd6 7. Bxd6 Qxd6 8. dxc5 Qxc5 9. Bd3 e5 10. e4 Bg4 11. h3 Bh5 12. O-O O-O 13. Qe2 Rfe8 14. Rad1 Rad8 15. Rfe1 Bg6 16. Nh4 Bh5 17. g4 Bg6 18.
Nf5 Bxf5 19. gxf5 g6 20. fxg6 hxg6 21. Qf3 Nh5 22. Nb3 dxe4 23. Nxc5 exf3 24. Be4 Nf4 25. Kh2 Rxd1 26. Rxd1 b6 27. Nd7 Re6 28. Bxf3 Kg7 29.
Kg3 Ne7 30. Bg4 f5 31. Bf3 g5 32. h4 g4 33. Bb7 Nh5+ 34. Kh2 f4 35. Be4 g3+ 36. Kg2 gxf2 37. Kxf2 Ng3 38. Kf3 Ng6 39. Bxg6 Kxg6 40. Nxe5+ Rxe5 41. Kxf4 Re2 42. Rd6+ Kh5 43. Kxg3 Rxb2 44. a4 Ra2 45. Rd5+ Kg6 46. Rd4 Ra3 47. Rc4 Kh5 48. Kf4 Kxh4 49. Ke5+ Kg5 50. Kd6 Kf5 51. Kc7 Ke5 52. Kc6 Rb3 53. Kb7 Ra3 54. Kc6 Rb3 55.
Kb7 Ra3 56. Kxa7 Kd5 57. Rc8 Rxa4+ 58. Kxb6 Rc4 59. Rd8+ Ke4 60. Kb5 Rxc3 61. Kb4 Rc7 62. Rd6 Rb7+ 63. Kc3 Rc7+ 64. Kd2 Ke5 65. Rd3 Rc4 66.
Re3+ Re4 67. Rh3 Rd4+ 68. Ke3 Re4+ 69. Kd3 Rd4+ 70. Kc3 Re4 71. Rh5+ Kf4 72. Kd3 Re3+ 73. Kd4 Re4+ 74. Kd5 Re1 75. Rh4+ Kf5 76. Ra4 Rd1+ 77. Kc6 Ke5 78. Ra2 Rc1+ 79. Kd7 Rd1+ 80. Ke7 Rc1 81.
Ra5+ Kd4 82. Kd6 Ke4 83. Ra4+ Kf5 84. Ra5+ Ke4 85. Ra2 Rd1+ 86. Ke6 Rd4 87. Ra5 Rc4 88. Ra6 Kd4 89. Rd6+ Kc5 90. Rd1 Re4+ 91. Kf5 Rd4 92. Re1 Kd5 93. Re5+ Kd6 94. Re4 Rxe4 95. Kxe4 1/2-1/2

[Event "*** Titled Tuesday Blitz"]
[Site "Chess.com"]
[Date "2020.01.07"]
[Round "5"]
[White "adriangschnitzer"]
[Black "Bad4life"]
[Result "0-1"]
[WhiteElo "2529"]
[BlackElo "2339"]
[TimeControl "180+2"]
[EndTime "14:12:23 PST"]
[Termination "Bad4life won by checkmate"]

1. c4 e5 2. Nc3 Nf6 3. Nf3 Nc6 4. e3 Bb4 5. Qc2 Bxc3 6. Qxc3 Qe7 7. b3 O-O 8. Bb2 d6 9. Be2 Ne4 10. Qc2 Bf5 11.
d3 Nb4 12. Qd1 Nc5 13. e4 Bd7 14. O-O a5 15. a3 Nc6 16. Re1 Bg4 17. Nxe5 Nxe5 18.
d4 Rad8 19. Bxg4 Nxg4 20. Qxg4 Nxb3 21. Rad1 a4 22. Re3 Qe6 23. Qh4 Qxc4 24. Rh3 h6 25. Qg4 Qe6 26. Qf3 Rde8 27. d5 Qxe4 28. Qc3 f6 29.
Re3 Qg4 30. f3 Qf5 31. Rde1 Re5 32. g4 Qf4 33. Re4 Qd2 34. Qxd2 Nxd2 35. Bxe5 Nxf3+ 36. Kf2 Nxe1 37. Kxe1 Re8 38. Rxa4 Rxe5+ 39. Kf2 Rxd5 40. Ra8+ Kh7 41. Rb8 b6 42. a4 Rc5 43. Rc8 Kg6 44. Kf3 Rc4 45. h4 h5 46. gxh5+ Kxh5 47.
Rh8+ Kg6 48. Rc8 Kf7 49. h5 Rc5 50. Kg4 Rc4+ 51. Kf5 Rc5+ 52. Kg4 Ke6 53. Re8+ Kd7 54.
Rg8 Rg5+ 55. Kh4 Kc6 56. Rc8 d5 57. Rg8 d4 58. Rd8 Kc5 59. Rd7 c6 60. Rd8 Kc4 61. Rd6 Kc5 62. Rd8 b5 63. a5 Rg1 64. Rd7 b4 65. a6 b3 66. a7 Ra1 67. Rxg7 b2 68. Rb7 Rxa7 69. Rxb2 d3 70. h6 Kd4 71. Rg2 c5 72.
Rg7 Ra8 73. h7 Rh8 74. Rd7+ Kc3 75. Kh5 d2 76. Kg6 Kc2 77. Rd5 d1=Q 78. Rxc5+ Kb3 79. Rb5+ Kc4 80. Rf5 Qg4+ 81. Kxf6 Rf8+ 82. Ke7 Qxf5 83.
h8=Q Rf7+ 84. Kd6 Qd7+ 85. Ke5 Qd5# 0-1

[Event "*** Titled Tuesday Blitz"]
[Site "Chess.com"]
[Date "2020.01.07"]
[Round "5"]
[White "Oleg_Papayan"]
[Black "HrvojeZagreb"]
[Result "1-0"]
[WhiteElo "2413"]
[BlackElo "2227"]
[TimeControl "180+2"]
[EndTime "14:12:45 PST"]
[Termination "Oleg_Papayan won by resignation"]

1. e4 e6 2. d4 d5 3. Nc3 dxe4 4. Nxe4 Nd7 5. Nf3 Ngf6 6. Nc3 c5 7. Be3 Qa5 8. Be2 Nd5 9. Bd2 cxd4 10. Nxd4 Nxc3 11. Bxc3 Bb4 12. O-O Bxc3 13. bxc3 O-O 14. Nb5 Nf6 15. c4 a6 16. Nd6 Rd8 17. Qd4 e5 18. Qd3 Ne8 19. c5 Qxc5 20. Ne4 Rxd3 21. Nxc5 Rc3 22. Ne4 Rxc2 23. Bd3 Rc7 24. Rfc1 Be6 25. Rxc7 Nxc7 26.
Nc5 Bd5 27. a4 b6 28. Nd7 Rd8 29. Nxe5 f6 30. Rc1 Ne8 31. Ng4 Bb7 32. Bc4+ Kf8 33.
Ne3 Nd6 34. Be6 f5 35. g3 g6 36. Rc7 b5 37. Rxh7 Nc4 38. Bxc4 bxc4 39. Rxb7 Rc8 40. Rb2 Ke7 41. Rc2 Ke6 42. Kf1 c3 43. Ke2 Ke5 44.
Kd3 f4 45. gxf4+ Kxf4 46. Rxc3 Rd8+ 47. Ke2 Rb8 48. Rc4+ Ke5 49. f4+ Ke6 50. Rc6+ Kf7 51. Rxa6 Rb2+ 52. Kf3 Rxh2 53. a5 Ra2 54. Nc4 Ra4 55.
Ne5+ Ke8 56. Nxg6 Ra3+ 57. Kg4 Ra1 58. Ne5 Kf8 59. Kf5 Kg8 60. Ke6 Ra4 61. f5 Kg7 62.
f6+ Kh7 63. Ra7+ Kh6 64. Ra8 Kh7 65. a6 Ra5 66. Ra7+ Kh6 67. f7 Kg7 68. Ra8 Rxe5+ 69. Kxe5 Kxf7 70. Ra7+ Kg6 71. Re7 Kg5 72. Rg7+ Kh6 73.
Rg6+ Kxg6 74. a7 Kf7 75. a8=R Kg6 76. Ra7 Kg5 77. Rg7+ Kh6 78. Kf6 Kh5 79. Kf5 Kh4 80. Kf4 Kh5 81. Kf5 Kh4 82. Rg8 Kh3 83. Kf4 Kh2 84. Kf3 1-0

[Event "*** Titled Tuesday Blitz"]
[Site "Chess.com"]
[Date "2020.01.07"]
[Round "5"]
[White "pedroholly22"]
[Black "Rhinos1"]
[Result "0-1"]
[WhiteElo "2327"]
[BlackElo "2139"]
[TimeControl "180+2"]
[EndTime "14:12:48 PST"]
[Termination "Rhinos1 won by resignation"]

1. e4 e5 2. Nf3 Nc6 3. Bb5 a6 4. Ba4 d6 5. c3 Bd7 6. d4 Nge7 7. O-O Ng6 8. d5 Nb8 9. Bc2 Be7 10. g3 O-O 11. Ne1 Qc8 12. Ng2 f5 13. exf5 Bxf5 14. Bxf5 Qxf5 15. Ne3 Qf7 16. Nd2 Nf4 17. Ne4 Nh3+ 18.
Kg2 Nf4+ 19. Kh1 Nd7 20. gxf4 exf4 21. Nc2 Rae8 22. f3 Ne5 23. Nd4 Bh4 24. Ne6 Qh5 25. Nxf4 Qf5 26. Ne6 Rf6 27. Bg5 Bxg5 28. N4xg5 h6 29.
Ne4 Rg6 30. Qe2 c6 31. Ng3 Qf6 32. f4 cxd5 33. fxe5 Qxe6 34. exd6 Qxe2 35. Nxe2 Rxe2 36. d7 Rd6 37. Rad1 Rxd7 38. b3 Rxa2 39. Rf5 Rb2 40. b4 Rc2 41. Rf3 Rc7 42. Rxd5 R2xc3 43. Rxc3 Rxc3 44. Rd7 b5 45. Rd8+ Kh7 46. Ra8 Rc4 47. Rxa6 Rxb4 48. Rb6 Rb2 49. h4 b4 50. h5 Kg8 51. Rb8+ Kf7 52. Rb6 b3 53. Kg1 Kf8 54. Rb7 Kg8 55. Kh1 Kf8 56. Kg1 Kg8 57.
Kh1 Kh7 58. Kg1 Rb1+ 59. Kh2 Rb2+ 60. Kh3 Rb1 61. Kh2 b2 62. Kg2 Kg8 63. Kh2 Kf8 64. Kg2 Ke8 65. Rb3 Ke7 66. Kh2 Kf6 67. Rb5 Ke6 68. Kg2 Kd6 69. Rb8 Kc5 70. Rc8+ Kb4 71. Rb8+ Kc3 72. Rc8+ Kd2 73. Rd8+ Ke3 74. Rb8 Kf4 75.
Rb5 Kg4 76. Kh2 Kh4 77. Kg2 Kg4 78. Kh2 Rc1 79. Rb4+ Kxh5 80. Rxb2 g5 81. Kg3 Rc3+ 82. Kg2 Kh4 83. Rb4+ g4 84. Rb6 h5 85. Rb1 Rc2+ 86.
Kg1 Kh3 87. Rd1 g3 88. Ra1 h4 89. Kh1 Rh2+ 90. Kg1 Rc2 91. Kh1 Rc3 92. Kg1 g2 93.
Rd1 Re3 94. Rc1 Kg3 95. Rc3 Rf3 96. Re3 h3 97. Rxf3+ Kxf3 98. Kh2 Kf2 99. Kxh3 g1=Q 0-1

[Event "*** Titled Tuesday Blitz"]
[Site "Chess.com"]
[Date "2020.01.07"]
[Round "5"]
[White "HouseOfDurin"]
[Black "coolthing"]
[Result "1/2-1/2"]
[WhiteElo "2131"]
[BlackElo "2343"]
[TimeControl "180+2"]
[EndTime "14:12:53 PST"]
[Termination "Game drawn by agreement"]

1. d4 Nf6 2. Bg5 g6 3. Bxf6 exf6 4. c4 Bg7 5. Nc3 f5 6. g3 O-O 7. Bg2 d6 8. e3 Nc6 9. Nge2 Re8 10. O-O Bd7 11.
a3 Na5 12. b4 Nxc4 13. Bxb7 Rb8 14. Bd5 Nb6 15. Bg2 Qc8 16. Rc1 Qa6 17. Nd5 Nxd5 18. Bxd5 Bb5 19. Re1 c6 20. Bf3 d5 21.
Rc3 Bc4 22. Nc1 Qb5 23. Be2 a5 24. Bxc4 dxc4 25. bxa5 c5 26. Ne2 cxd4 27. Nxd4 Qxa5 28. Rxc4 Rb2 29. Re2 Qxa3 30. Rxb2 Qxb2 31. Kg2 Rd8 32. Qc2 Bxd4 33. exd4 Qxc2 34. Rxc2 Rxd4 35. h4 Kg7 36. Kf3 h6 37. Rc5 Rd6 38. h5 Kf6 39. hxg6 fxg6 40. Rc8 h5 41. Rf8+ Kg5 42. Rc8 Ra6 43. Rg8 Rb6 44.
Rg7 Kf6 45. Rg8 Rb3+ 46. Kg2 Ra3 47. Rf8+ Kg7 48. Rc8 Kh6 49. Rc6 Kg5 50. Rb6 Ra7 51. Rc6 Rh7 52. Rb6 h4 53. gxh4+ Rxh4 54. Kg3 Rg4+ 55.
Kf3 Rf4+ 56. Kg3 Ra4 57. Rb3 f4+ 58. Kf3 Ra5 59. Rd3 Rf5 60. Rd4 Rf6 61. Re4 Rf8 62.
Re5+ Kh4 63. Re7 Rf5 64. Rh7+ Kg5 65. Rc7 Ra5 66. Rf7 Ra3+ 67. Kg2 Kg4 68. Rd7 f3+ 69. Kh2 Ra4 70. Rc7 g5 71. Rd7 Ra2 72. Kg1 Ra4 73. Rc7 Re4 74. Rd7 Re6 75. Rd4+ Kh3 76. Rd1 g4 77. Rc1 Ra6 78. Rd1 Ra2 79. Rc1 g3 80. fxg3 Kxg3 81. Rd1 Rg2+ 82. Kf1 Kh2 83. Rd7 Ra2 84.
Rh7+ Kg3 85. Rg7+ Kf4 86. Rf7+ Kg4 87. Rg7+ Kf5 88. Rf7+ Ke4 89. Re7+ Kf4 1/2-1/2

[Event "*** Titled Tuesday Blitz"]
[Site "Chess.com"]
[Date "2020.01.07"]
[Round "5"]
[White "SavelievAlexei"]
[Black "AndrewMaco"]
[Result "0-1"]
[WhiteElo "2320"]
[BlackElo "2625"]
[TimeControl "180+2"]
[EndTime "14:13:00 PST"]
[Termination "AndrewMaco won by checkmate"]

1. e4 c6 2. d4 d5 3. exd5 cxd5 4. Bd3 Nc6 5. c3 Nf6 6. Bf4 Bg4 7.
Qb3 Qd7 8. Nd2 e6 9. Ngf3 Bxf3 10. Nxf3 Bd6 11. Bxd6 Qxd6 12. O-O O-O 13. Rfe1 Qc7 14. Rac1 Rab8 15. Qd1 b5 16. Ne5 Nxe5 17. Rxe5 g6 18. Re3 Kg7 19. h4 h5 20. a3 Ng4 21. Rh3 Qf4 22. Qf1 a6 23. Re1 Rfe8 24. Qe2 e5 25. Qf3 Qd2 26. Qe2 Qxe2 27. Rxe2 e4 28. Bc2 f5 29.
Bb3 Nf6 30. g3 a5 31. Kg2 Red8 32. Rh1 Nh7 33. Rc1 Nf8 34. Kf1 Ne6 35. Ree1 Rb6 36. Red1 f4 37. Ke2 f3+ 38. Ke3 Kf6 39. Rg1 Ng7 40.
g4 hxg4 41. Rxg4 Nf5+ 42. Kf4 a4 43. Ba2 Ne7 44. Rcg1 Rh8 45. R1g3 Rh6 46. Rh3 Rd6 47. h5 gxh5 48. Rg1 Ng6+ 49. Ke3 h4 50. Rb1 Kg5 51. b3 Ne7 52. bxa4 Nf5+ 53. Kd2 bxa4 54. Rb5 Kg4 55. Rh1 e3+ 56. fxe3 Ng3 57. Rh2 f2 58. Rxf2 Ne4+ 59.
Ke2 Nxf2 60. Kxf2 h3 61. Kg1 Kg3 62. Bxd5 h2+ 63. Kh1 Rh5 64. e4 Rf6 65. Rb1 Rf2 66. c4 Rh8 67. c5 Rhf8 68. Bc4 Rc2 69. Ba6 Rf4 70. e5 Rxd4 71. e6 Rxc5 72. Re1 Rc7 73. Bf1 Kf2 74. Rb1 Re7 75. Bh3 Rh4 76. Kxh2 Reh7 77.
Rb2+ Kf3 78. e7 Rxh3+ 79. Kg1 Rh1# 0-1

[Event "*** Titled Tuesday Blitz"]
[Site "Chess.com"]
[Date "2020.01.07"]
[Round "5"]
[White "Glufs"]
[Black "AlexanderKing"]
[Result "0-1"]
[WhiteElo "2354"]
[BlackElo "2549"]
[TimeControl "180+2"]
[EndTime "14:14:47 PST"]
[Termination "AlexanderKing won on time"]

1. Nf3 Nf6 2. c4 g6 3. b3 Bg7 4. Bb2 O-O 5. g3 d6 6. Bg2 Nbd7 7. O-O e5 8. d3 Nh5 9. Nc3 f5 10. b4 h6 11. Rc1 a6 12. c5 Ndf6 13. cxd6 cxd6 14. Nd2 Qe7 15. Nc4 Be6 16. Nb6 Rae8 17. Ncd5 Nxd5 18. Nxd5 Bxd5 19. Bxd5+ Kh8 20. Qc2 Nf6 21. Bg2 d5 22. Qc7 Rf7 23. Qxe7 Rfxe7 24. Rc2 Kg8 25. Rfc1 Kf7 26. a4 Ke6 27. e3 Rd7 28. d4 e4 29. Bf1 Bf8 30. b5 a5 31. b6 Ra8 32. Rc7 Bd6 33. Bb5 Rxc7 34. bxc7 Rc8 35.
h3 Rxc7 36. Rxc7 Bxc7 37. Bc3 b6 38. Kg2 g5 39. Be2 f4 40. gxf4 gxf4 41. exf4 Bxf4 42.
Bb5 Bd6 43. Bd2 Ng8 44. Be2 Kf6 45. Bh5 Kg7 46. f3 Ne7 47. Bg4 Kg6 48. Be6 h5 49. h4 Kf6 50. Bd7 Nf5 51. Bg5+ Kg6 52. Be8+ Kg7 53. fxe4 dxe4 54. Bxh5 Nxd4 55. Bg4 b5 56. axb5 Nxb5 57. h5 Be5 58. h6+ Kf7 59. Bf5 Nd6 60. Bd7 Kg6 61. Bd2 Nf7 62. Bxa5 Nxh6 63. Bd2 Nf7 64.
Be8 Kf6 65. Kf1 Nd6 66. Bh5 Bd4 67. Ke2 Nf5 68. Bg4 Ng3+ 69. Kd1 Ke5 70. Bh6 Kd5 71. Kc2 Nf1 72. Bg5 Nh2 73. Bh5 Ke5 74. Bh6 Kf5 75. Be2 Be5 76. Kd2 Bf4+ 77. Bxf4 Kxf4 78. Bb5 Nf3+ 79. Kc3 Ne5 80. Ba6 Ke3 81. Bb5 Kf4 82. Ba6 Ng4 83. Kd4 e3 84. Be2 Nh6 85. Ba6 Kf3 86.
Kc3 Kf2 87. Kc2 Nf5 88. Kd1 Nd6 89. Bd3 Nb7 90. Bb5 Nc5 91. Bc4 Ne4 92. Ba6 Nc3+ 93. Kc2 Nd5 94. Kd1 Nb4 95. Bb5 Kf3 96. Kc1 Ke4 97. Kd1 Kd4 98. Ke2 Nd5 99. Ba6 Nc3+ 100. Kf3 Na4 101. Bf1 Nb6 102. Bb5 Nd5 103. Bf1 Nf6 104. Ba6 Nd7 105. Bf1 Ne5+ 106. Kf4 Nd3+ 107. Kf3 Ne1+ 108. Kf4 Nc2 109. Kf3 Kc3 110. Ba6 Kd2 111. Bb5 Ne1+ 112. Kf4 Nd3+ 0-1

[Event "*** Titled Tuesday Blitz"]
[Site "Chess.com"]
[Date "2020.01.07"]
[Round "5"]
[White "tomozupan"]
[Black "djano"]
[Result "0-1"]
[WhiteElo "2190"]
[BlackElo "2400"]
[TimeControl "180+2"]
[EndTime "14:15:15 PST"]
[Termination "djano won by checkmate"]

1. d4 Nf6 2. Bg5 Ne4 3. Bf4 e6 4. f3 Bd6 5. Bxd6 Nxd6 6. e4 O-O 7. Bd3 f5 8. Qe2 fxe4 9. fxe4 Nc6 10. Nf3 Rxf3 11.
Qxf3 Nxd4 12. Qf2 e5 13. O-O b6 14. Nc3 Bb7 15. Nd5 Ne6 16. Rae1 Qg5 17. Qe3 Qd8 18. Rf2 c6 19. Nc3 Nf4 20. Ne2 Ng6 21. Ref1 c5 22. c3 c4 23. Bc2 Qh4 24. Ng3 Nf4 25. Qd2 Nf7 26. Nf5 Qd8 27. Rd1 d5 28. exd5 Qg5 29.
Ng3 Rd8 30. Qe1 Bxd5 31. Ne4 Qg6 32. Ng3 Qg5 33. Ne4 Qh6 34. Ng3 Re8 35. Qd2 Bc6 36.
Nf5 Qg5 37. Ng3 Rd8 38. Qe1 Nd3 39. Bxd3 cxd3 40. Qd2 Qxd2 41. Rfxd2 e4 42. Kf2 Ne5 43. Ke3 Nc4+ 44. Kf4 Rf8+ 45. Kg4 Ne3+ 46. Kh3 Bd7+ 47. Kh4 Rf4+ 48. Kg5 Rg4+ 49. Kh5 g6+ 50. Kh6 Nxd1 51. Rxd1 Bc6 52. b4 Rh4+ 53. Kg5 Rxh2 54. Rd2 Kg7 55. Kf4 Rh4+ 56. Ke3 Rg4 57. Nf1 Rg3+ 58. Kf4 e3 59. Nxe3 Rxe3 60. Kxe3 Bb5 61. a4 Bc4 62. Kd4 b5 63. a5 g5 64. Kc5 g4 65. Kc6 h5 66.
Kb7 h4 67. Kxa7 g3 68. Kb6 Bd5 69. Kxb5 Bxg2 70. Rxg2 d2 71. Rxd2 h3 72. a6 h2 73.
Rd1 g2 74. a7 h1=Q 75. Rd7+ Kf6 76. a8=Q Qf1+ 77. Kb6 g1=Q+ 78. Rd4 Qf5 79. Qf8+ Kg5 80.
Qg7+ Qg6+ 81. Qxg6+ Kxg6 82. Kc5 Qe3 83. Kc4 Kf6 84.
Kc5 Ke5 85. Kc4 Qe2+ 86. Kb3 Qe1 87. Kb2 Qf2+ 88. Kb3 Qg2 89. Kc4 Qa2+ 90. Kd3 Qb3 91. Kd2 Qb2+ 92. Kd3 Qc1 93. Kc4 Qc2 94. Rd5+ Ke6 95.
Rd4 Qe2+ 96. Kb3 Qb5 97. Kc2 Ke5 98. Kb3 Qf1 99. Kc2 Qa1 100. Kb3 Qb1+ 101. Kc4 Qc2 102. Rd5+ Ke6 103. Rd4 Qa4 104. Kd3 Qb3 105. Kd2 Ke5 106. Kd3 Qb2 107. Kc4 Qe2+ 108. Kb3 Qa6 109. Kc2 Qa2+ 110. Kd3 Qb3 111. Kd2 Qb1 112. Rd3 Ke4 113. Rd4+ Kf3 114. Rd3+ Kf2 115. Rd4 Qb3 116. Rf4+ Kg3 117. Rd4 Kf3 118. Rd3+ Kf2 119. Rd4 Qb2+ 120. Kd3 Qe2# 0-1

[Event "*** Titled Tuesday Blitz"]
[Site "Chess.com"]
[Date "2020.01.07"]
[Round "6"]
[White "kkpanu9"]
[Black "VFernandezB"]
[Result "0-1"]
[WhiteElo "2100"]
[BlackElo "2237"]
[TimeControl "180+2"]
[EndTime "14:16:54 PST"]
[Termination "VFernandezB won by resignation"]

1. e4 e6 2. d3 d5 3. Nd2 g6 4.
g3 Bg7 5. Bg2 Ne7 6. Ngf3 O-O 7.
O-O c5 8. c3 Nbc6 9. Re1 dxe4 10.
dxe4 b6 11. Qc2 Ba6 12. Bf1 Bxf1 13. Nxf1 Ne5 14. Bg5 Nxf3+ 0-1

[Event "*** Titled Tuesday Blitz"]
[Site "Chess.com"]
[Date "2020.01.07"]
[Round "6"]
[White "FedaMaster"]
[Black "chessking2151"]
[Result "0-1"]
[WhiteElo "2461"]
[BlackElo "2611"]
[TimeControl "180+2"]
[EndTime "14:18:05 PST"]
[Termination "chessking2151 won by resignation"]

1. e4 e5 2. Nf3 Nc6 3. Bb5 a6 4. Bxc6 dxc6 5. O-O Bg4 6. h3 h5 7. d3 Qf6 8. Be3 Bxf3 9. Qxf3 Qxf3 10. gxf3 Ne7 11.
Nd2 Ng6 0-1

[Event "*** Titled Tuesday Blitz"]
[Site "Chess.com"]
[Date "2020.01.07"]
[Round "6"]
[White "Vuk2000"]
[Black "PotapovaM"]
[Result "1-0"]
[WhiteElo "2677"]
[BlackElo "2502"]
[TimeControl "180+2"]
[EndTime "14:18:11 PST"]
[Termination "Vuk2000 won by checkmate"]

1. d4 Nf6 2. Bg5 Ne4 3. Bf4 c5 4. f3 Qa5+ 5. c3 Nf6 6. d5 d6 7. e4 e6 8. dxe6 Bxe6 9. Bxd6 Bxd6 10. Qxd6 Nbd7 11. Na3 O-O-O 12. Nb5 a6 13. Na7# 1-0

[Event "*** Titled Tuesday Blitz"]
[Site "Chess.com"]
[Date "2020.01.07"]
[Round "6"]
[White "econpower"]
[Black "cukus"]
[Result "1-0"]
[WhiteElo "2606"]
[BlackElo "2449"]
[TimeControl "180+2"]
[EndTime "14:18:27 PST"]
[Termination "econpower won by resignation"]

1. c4 e5 2. g3 Nc6 3. Bg2 Bc5 4. Nc3 d6 5. e3 a6 6. Nge2 Ba7 7. O-O Nf6 8. h3 O-O 9. Kh2 h6 10. a3 Bf5 11. d3 Qd7 12. g4 Bh7 13. f4 exf4 14. exf4 Rae8 15. Ng3 Be3 16. g5 Bxc1 17. Rxc1 Ng4+ 18.
hxg4 Qxg4 19. Qxg4 1-0

[Event "*** Titled Tuesday Blitz"]
[Site "Chess.com"]
[Date "2020.01.07"]
[Round "6"]
[White "djano"]
[Black "Colombiano07"]
[Result "1-0"]
[WhiteElo "2408"]
[BlackElo "2177"]
[TimeControl "180+2"]
[EndTime "14:18:30 PST"]
[Termination "djano won by resignation"]

1. c4 b6 2. Nc3 Bb7 3. Nf3 Nf6 4. g3 c5 5. Bg2 e6 6. d4 cxd4 7. Qxd4 d6 8. O-O Be7 9. Rd1 O-O 10. b3 Nbd7 11.
Bb2 a6 12. Ng5 Bxg2 13. Kxg2 Qc7 14. Nge4 Nxe4 15. Nd5 e5 16. Nxe7+ Kh8 17. Qxe4 Nc5 18. Nd5 Nxe4 19. Nxc7 1-0

[Event "*** Titled Tuesday Blitz"]
[Site "Chess.com"]
[Date "2020.01.07"]
[Round "6"]
[White "WelshTiger"]
[Black "Saloni1299"]
[Result "1-0"]
[WhiteElo "2381"]
[BlackElo "2118"]
[TimeControl "180+2"]
[EndTime "14:18:34 PST"]
[Termination "WelshTiger won by checkmate"]

1. e4 e6 2. d4 d5 3. Nd2 h6 4. Ngf3 Nf6 5. Bd3 Nfd7 6. O-O dxe4 7. Nxe4 Be7 8. c3 c5 9. Re1 cxd4 10. Nxd4 b6 11. Qh5 O-O 12. Bxh6 gxh6 13. Qxh6 Ne5 14.
Nf6+ Bxf6 15. Qh7# 1-0

[Event "*** Titled Tuesday Blitz"]
[Site "Chess.com"]
[Date "2020.01.07"]
[Round "6"]
[White "Zavgorodniy_Serg"]
[Black "Gogolev_Artemy"]
[Result "1-0"]
[WhiteElo "2610"]
[BlackElo "2465"]
[TimeControl "180+2"]
[EndTime "14:19:13 PST"]
[Termination "Zavgorodniy_Serg won by resignation"]

1. e4 c6 2. d4 d5 3. exd5 cxd5 4. c4 Nf6 5. Nc3 Nc6 6. Nf3 Bg4 7. cxd5 Nxd5 8. Qb3 Bxf3 9. gxf3 Nxd4 10. Bb5+ Nxb5 11.
Qxb5+ Qd7 12. Qxd7+ Kxd7 13. Nxd5 e6 14. Nc3 Bb4 15.
Bd2 Rhd8 16. Ke2 Ke7 17. Rhd1 Rac8 18. Rac1 b6 19. Nd5+ exd5 20. Bxb4+ Ke6 21. Bd2 d4 22. Rxc8 Rxc8 23. Rc1 Re8 24. Kd3 Kd6 25. Bf4+ Kd5 26. Rc4 Re1 27. Rxd4+ Kc6 28. Rd6+ Kc5 29. Rd7 Rd1+ 30.
Bd2 1-0